 Dungeon Crawl Stone Soup version 0.30.1-9-gdf580d7c3d (webtiles) character file.

Game seed: 2362691606972742351

35 lonewolfV2 the Trooper (level 3, -2/33 HPs)
             Began as a Hill Orc Fighter on Sept 27, 2023.
             Slain by a gnoll
             ... wielding a +0 whip
              (7 damage)
             ... on level 2 of the Dungeon.
             The game lasted 00:01:02 (989 turns).

lonewolfV2 the Trooper (Hill Orc Fighter)            Turns: 989, Time: 00:01:03

Health: -2/33      AC:  6    Str: 18    XL:     3   Next: 33%
Magic:  3/3        EV:  9    Int:  8    God:
Gold:   63         SH:  4    Dex: 12    Spells: 2/2 levels left

rFire   . . .        a - +0 war axe
rCold   . . .        c - +0 buckler
rNeg    . . .        b - +0 scale mail
rPois   .            (no helmet)
rElec   .            (no cloak)
rCorr   .            (no gloves)
SInv    .            (no boots)
Will    .....        (no amulet) Stlth
                     (no ring)
HPRegen 0.25/turn    (no ring)
MPRegen 0.08/turn

%: no passive effects
@: no status effects
A: no striking features
a: no special abilities


You were on level 2 of the Dungeon.
You visited 1 branch of the dungeon, and saw 2 of its levels.

You collected 63 gold pieces.

Inventory:

Hand Weapons
 a - a +0 war axe (weapon)
Armour
 b - a +0 scale mail (worn)
 c - a +0 buckler (worn)
Scrolls
 f - 2 scrolls of enchant weapon {unknown}
 h - a scroll of immolation {unknown}
 i - a scroll of identify {unknown}
Potions
 d - a potion of might
 e - a potion of lignification {unknown}
 g - a potion of attraction {unknown}


   Skills:
 + Level 4.0 Fighting
 + Level 3.6 Axes
 + Level 3.5 Armour
 + Level 3.7 Shields


You had 2 spell levels left.
You didn't know any spells.
Your spell library contained the following spells:

 Spells                   Type           Power      Damage    Failure   Level
 Ignite Poison            Fire/Tmut/Pois 0%         N/A       99%         3
 Sticky Flame             Conj/Fire      0%         2d3       100%        4
 Ignition                 Fire           0%         3d3       100%        8


Dungeon Overview and Level Annotations

Branches:
Dungeon (2/15)

Altars:


Message History

The gnoll shouts!
A gnoll comes into view. It is wielding a +0 club.
The gnoll moves out of view.
A gnoll comes into view. It is wielding a +0 halberd.
Found 10 gold pieces.
The gnoll shouts!
There are monsters nearby!
There are monsters nearby!
There are monsters nearby!
The gnoll barely misses you. The gnoll barely misses you. x2
You hit the gnoll but do no damage. You hit the gnoll.
The gnoll hits you but does no damage. The gnoll hits you with a +0 halberd.
The gnoll hits you with a +0 whip.
You barely miss the gnoll. You closely miss the gnoll.
You completely miss the gnoll. The gnoll hits you with a +0 whip.
The gnoll hits you with a +0 club. The gnoll barely misses you.
You closely miss the gnoll. You hit the gnoll. x2
You block the gnoll's attack. The gnoll hits you with a +0 club.
You block the gnoll's attack.
You barely miss the gnoll. You hit the gnoll. You closely miss the gnoll.
You block the gnoll's attack. The gnoll hits you with a +0 club.
The gnoll hits you with a +0 halberd.
* * * LOW HITPOINT WARNING * * *
The gnoll completely misses you. The gnoll hits you but does no damage.
The gnoll completely misses you.
You hit the gnoll.
The gnoll is moderately wounded.
You hit the gnoll. You closely miss the gnoll. The gnoll barely misses you.
You block the gnoll's attack. The gnoll hits you with a +0 halberd.
* * * LOW HITPOINT WARNING * * *
You barely miss the gnoll.
The gnoll is moderately wounded.
You closely miss the gnoll. You slash the gnoll! The gnoll barely misses you.
The gnoll closely misses you. x2; The gnoll hits you with a +0 whip.
* * * LOW HITPOINT WARNING * * *
The gnoll closely misses you. You block the gnoll's attack.
The gnoll attacks as you move away! The gnoll barely misses you.
The gnoll hits you with a +0 whip!
You die...

.# ##.# ###...#
#.....#
##.....###
.......$.
#gg...# ##.####
#.g...#
.$.....###@#.###
#.....<...# #
#####.......#
#########


You could see 3 gnolls.

Vanquished Creatures
  An adder (D:2)
  A dart slug (D:1)
  An endoplasm (D:1)
  2 giant cockroaches (D:1)
  3 goblins (D:1)
  2 hobgoblins (D:1)
  4 jackals (D:1)
  A bat (D:1)
  4 frilled lizards (D:1)
  4 rats (D:1)
23 creatures vanquished.

Vanquished Creatures (others)
  A giant cockroach (D:1)
1 creature vanquished.

Grand Total: 24 creatures vanquished

Notes
Turn   | Place    | Note
-------+----------+-------------------------------------------
     0 | D:1      | lonewolfV2 the Hill Orc Fighter began the quest for the
                  | Orb.
     0 | D:1      | Reached XP level 1. HP: 19/19 MP: 1/1
    84 | D:1      | Reached XP level 2. HP: 27/27 MP: 2/2
   635 | D:1      | Reached XP level 3. HP: 33/33 MP: 3/3
   978 | D:2      | Reached skill level 4 in Fighting
   989 | D:2      | Slain by a gnoll

Illustrated notes

Levels and vault maps discovered:
D:1:      minmay_arrival_radiant_lines, layout_basic
D:2:      layout_loops_ring, chequers_ecumenical_altar_twisty

Skill      XL: |  1  2  3 |
---------------+----------+-----
Axes           | 3 |  3.6
Fighting       | 4 |  4.0
Armour         | |  3.5
Shields        | |  3.7

Action                     || total
---------------------------++-------
  Melee: War axe           ||    60
 Armour: Scale mail        ||    28
  Dodge: Dodged            ||    41
  Block: Buckler           ||    18
